 Dungeon Crawl Stone Soup version 0.30-a0-881-g1ff12e1e11 (webtiles) character file.

Game seed: 2703905615944738041

1 bmack86 the Shield-Bearer (level 1, -2/19 HPs)
             Began as a Minotaur Fighter on Mar 15, 2023.
             Succumbed to a goblin's poison
             ... on level 1 of the Dungeon.
             The game lasted 00:00:15 (17 turns).

bmack86 the Shield-Bearer (Minotaur Fighter)          Turns: 17, Time: 00:00:15

Health: -2/19      AC:  6    Str: 20    XL:     1   Next: 16%
Magic:  0/0        EV:  9    Int:  5    God:
Gold:   3          SH:  4    Dex:  9    Spells: 0/0 levels left

rFire   . . .      SeeInvis .    a - +0 war axe
rCold   . . .      Faith    .    c - +0 buckler
rNeg    . . .      Spirit   .    b - +0 scale mail
rPois   .          Reflect  .    (helmet restricted)
rElec   .          Rampage  .    (no cloak)
rCorr   .                        (no gloves)
Will    .....                    (no boots) Stlth
                                 (no amulet)
HPRegen 0.23/turn                (no ring)
MPRegen 0.07/turn                (no ring)

@: lethally poisoned (-2 -> -26)
A: horns 2, retaliatory headbutt
a: no special abilities


You were on level 1 of the Dungeon.
You visited 1 branch of the dungeon, and saw 1 of its levels.

You collected 3 gold pieces.

Inventory:

Hand Weapons
 a - a +0 war axe (weapon)
Armour
 b - a +0 scale mail (worn)
 c - a +0 buckler (worn)
Potions
 d - a potion of might


   Skills:
 + Level 3.6 Fighting
 * Level 2.5 Axes
 + Level 3.6 Armour
 + Level 3.6 Shields


You couldn't memorise any spells.
You didn't know any spells.
Your spell library contained the following spells:

 Spells                   Type           Power      Damage    Failure   Level
 Cigotuvi's Dreadful Rot  Necr/Pois/Air  0%         N/A       96%         2
 Poisonous Vapours        Pois/Air       0%         N/A       96%         2
 Mephitic Cloud           Conj/Pois/Air  0%         N/A       99%         3


Dungeon Overview and Level Annotations

Branches:
Dungeon (1/15)

Altars:


Innate Abilities, Weirdness & Mutations

You have a pair of horns on your head.
You reflexively headbutt those who attack you in melee.


Message History

Welcome, bmack86 the Minotaur Fighter.
Will you prevail where others failed? Will you find the Orb of Zot?
Press ? for a list of commands and other information.
Found 2 stones, a book of Vapours, a dagger, 3 gold pieces and a ring mail.
Found a staircase leading out of the dungeon.
You pick up a book of Vapours and begin reading...
You add the spells Poisonous Vapours, Cigotuvi's Dreadful Rot and Mephitic Cloud to your library.
You now have 3 gold pieces.
A frilled lizard comes into view.
Found a spear.
A sourceless malevolence fills the Dungeon... and a teleportation trap spontaneously manifests!
You are yanked towards a nearby monster!
Your surroundings flicker for a moment.
The frilled lizard hisses angrily.
You hear a shout!
A goblin comes into view. It is wielding a +1 dagger of venom.
A bat comes into view.
Found 4 stones.
The bat barely misses you. You furiously retaliate!
You headbutt the bat!
You kill the bat!
The goblin hits you but does no damage.
You are poisoned.
The frilled lizard bites you.
You slash the frilled lizard!
You kill the frilled lizard!
You completely miss the goblin.
You feel very sick.
The goblin hits you with a +1 dagger of venom.
You are lethally poisoned!
You feel very sick. The goblin hits you but does no damage.
You see here a frilled lizard corpse.
You feel very sick.
The goblin hits you with a +1 dagger of venom.
* * * LOW HITPOINT WARNING * * *
You are more poisoned.
You closely miss the goblin. You headbutt the goblin.
You kill the goblin!
You die...

..### ..##.# ......
###....### #.....
##.........
(..#..######.......##
..b.......)..P...P.#
###.....# ##.......#.
##)......###....<.....
#..####............(..
#...†@.##.#...P...P...
#.......).##.##..........
..###.....##.##........##
#.....##...#[..#####
.........##.....#
..#.....#. ......#
.###.....##### .#..
#.....#


There were no monsters in sight!

Vanquished Creatures
  A goblin (D:1)
  A bat (D:1)
  A frilled lizard (D:1)
3 creatures vanquished.

Notes
Turn   | Place    | Note
-------+----------+-------------------------------------------
     0 | D:1      | bmack86 the Minotaur Fighter began the quest for the Orb.
     0 | D:1      | Reached XP level 1. HP: 19/19 MP: 0/0
    17 | D:1      | Succumbed to a goblin's poison

Illustrated notes

Levels and vault maps discovered:
D:1:      dpeg_arrival_orchard, layout_rooms

Action                     || total
---------------------------++-------
  Melee: War axe           ||     2
         Headbutt          ||     1
 Armour: Scale mail        ||     2
  Dodge: Dodged            ||     1

Table legend: (Time is in decaauts)
 A = Elapsed time spent in this place.
 B = Non-inter-level travel time spent in this place.
 C = Inter-level travel time spent in this place.
 D = Time resting spent in this place.
 E = Time spent auto-exploring this place.
 F = Levels seen in this place.
 G = Mean time per level.
                   A        B        C        D        E       F      G
               +--------+--------+--------+--------+--------+-----+--------+
         Total |     17 |     17 |      0 |      0 |      9 |   1 |   17.0 |
       Dungeon |     17 |     17 |      0 |      0 |      9 |   1 |   17.0 |
               +--------+--------+--------+--------+--------+-----+--------+

Top non-repeatable levels by time:
     D:1: 17 daAuts
